 Dungeon Crawl Stone Soup version 0.20.1-1-g8b1a95d (webtiles) character file.

576 homeworkjunkie the Chopper (level 7, -5/61 HPs)
             Began as a Hill Orc Fighter on Dec 20, 2017.
             Slain by a scorpion (7 damage)
             ... on level 4 of the Dungeon.
             The game lasted 00:01:52 (796 turns).

homeworkjunkie the Chopper (Hill Orc Fighter)        Turns: 796, Time: 00:01:53

Health: -5/61      AC:  7    Str: 17 (20) XL:     7   Next: 35%
Magic:  7/7        EV:  7    Int:  5 (8)  God:
Gold:   38         SH:  9    Dex:  9 (11) Spells: 6/6 levels left

rFire    x . .     SeeInvis .   a - +0 war axe
rCold    + . .     Gourm    .   c - +0 shield
rNeg     . . .     Faith    .   b - +0 scale mail
rPois    .         Spirit   .   (no helmet)
rElec    .         Reflect  .   (no cloak)
rCorr    .         Harm     .   (no gloves)
MR       .....                  (no boots)
Stlth    ..........             (no amulet)
Regen    0.2/turn               g - ring of ice
MPRegen  0.1/turn               (no ring)

@: lethally poisoned (-5 -> -12)
A: no striking features
a: no special abilities


You were on level 4 of the Dungeon.
You were not hungry.

You visited 1 branch of the dungeon, and saw 6 of its levels.

You collected 38 gold pieces.

Inventory:

Hand Weapons
 a - a +0 war axe (weapon)
Armour
 b - a +0 scale mail (worn)
 c - a +0 shield (worn)
Jewellery
 g - a ring of ice (left hand)
Wands
 j - a wand of random effects (7/48)
Scrolls
 e - 3 scrolls of amnesia {unknown}
 h - 4 scrolls of enchant weapon {unknown}
 l - a scroll of recharging {unknown}
 m - a scroll of identify {unknown}
Comestibles
 f - a bread ration
 i - 3 fruits
 k - a meat ration
 n - a royal jelly


   Skills:
 * Level 5.0 Fighting
 * Level 7.2 Axes
 * Level 4.7 Armour
 + Level 1.0 Dodging
 * Level 5.0 Shields


You had 6 spell levels left.
You didn't know any spells.

Dungeon Overview and Level Annotations

Branches:
Dungeon (6/15)
 Temple: D:4-7

Altars:
Gozag

Shops:
D:5 (


Message History

The scorpion is almost dead.
The scorpion stings you!
* * * LOW HITPOINT WARNING * * *
You are lethally poisoned!
The scorpion poisons you!
You closely miss the scorpion.
The scorpion is almost dead.
* * * LOW HITPOINT WARNING * * *
You feel sick. You block the scorpion's attack.
You hit the scorpion but do no damage.
The scorpion is almost dead.
* * * LOW HITPOINT WARNING * * *
You feel sick. The scorpion stings you.
* * * LOW HITPOINT WARNING * * *
The scorpion stings you but does no damage.
You hit the scorpion.
The scorpion is almost dead.
* * * LOW HITPOINT WARNING * * *
You feel sick. The scorpion stings you!
You die...

#........#
#####.##.###.#####
#................#
#.###.#...##.###.#
.##.##......>#.#
#.#
........#...##.#
#.#
.##.###.##.###.#
#.# # #..s.)...#
#.# ####@##### #.#
........# #.#
######... #.#
..... #.########
....... #...<.†...
.........
#.#######.
+.........+
#.........#


You could see a scorpion.

Vanquished Creatures
  A black bear (D:6)
  A phantom (D:6)
  A centaur (D:5)
  A bullfrog (D:6)
  Blork the orc (D:4)
  A hound (D:6)
  A centaur skeleton (D:5)
  An iguana (D:6)
  2 worker ants
  Ijyb (D:5)
  2 oozes (D:1)
  A dart slug (D:4)
  2 leopard geckos
  5 orcs
  2 jackals (D:2)
  A quokka (D:6)
  A bat (D:1)
  A frilled lizard (D:2)
  A kobold (D:3)
  A leopard gecko skeleton (D:4)
  2 rats (D:1)
30 creatures vanquished.

Notes
Turn   | Place    | Note
-------+----------+-------------------------------------------
     0 | D:1      | homeworkjunkie the Hill Orc Fighter began the quest for the Orb.
     0 | D:1      | Reached XP level 1. HP: 19/19 MP: 1/1
    12 | D:1      | Reached XP level 2. HP: 27/27 MP: 2/2
   155 | D:3      | Found a faded altar of an unknown god.
   168 | D:3      | Reached skill level 3 in Axes
   185 | D:3      | You fall through a shaft for 3 floors!
   188 | D:6      | Reached XP level 3. HP: 32/33 MP: 3/3
   189 | D:6      | Noticed a bullfrog
   189 | D:6      | Reached XP level 4. HP: 38/40 MP: 4/4
   198 | D:6      | Killed a bullfrog
   198 | D:6      | Reached skill level 4 in Axes
   198 | D:6      | Reached XP level 5. HP: 37/47 MP: 5/5
   212 | D:6      | Noticed a black bear
   214 | D:6      | Noticed a phantom
   219 | D:6      | Killed a black bear
   219 | D:6      | Reached skill level 5 in Axes
   219 | D:6      | Reached XP level 6. HP: 31/53 MP: 6/6
   244 | D:6      | Killed a phantom
   244 | D:6      | Reached skill level 6 in Axes
   501 | D:6      | Found an opulent altar of Gozag.
   503 | D:6      | Noticed a water moccasin
   507 | D:5      | Entered Level 5 of the Dungeon
   564 | D:5      | Noticed Ijyb
   576 | D:5      | Killed Ijyb
   604 | D:5      | Found Minul's Antique Weapon Shop.
   658 | D:5      | Reached XP level 7. HP: 51/60 MP: 7/7
   696 | D:4      | Reached skill level 7 in Axes
   745 | D:4      | Noticed Blork the orc
   779 | D:4      | Killed Blork the orc
   779 | D:4      | Reached skill level 5 in Fighting
   779 | D:4      | Reached skill level 1 in Dodging
   779 | D:4      | Reached skill level 5 in Shields
   795 | D:4      | HP: 3/61 [scorpion (5)]
   796 | D:4      | Slain by a scorpion

Skill      XL: |  1  2  3  4  5  6  7 |
---------------+----------------------+-----
Axes           | 3 4 5 6 7 |  7.2
Fighting       | 4 5 |  5.0
Armour         | 4 |  4.7
Shields        | 4 5 |  5.0
Dodging        | 1 |  1.0

Action                   |  1- 3 |  4- 6 |  7- 9 || total
-------------------------+-------+-------+-------++-------
Melee: War axe           |    29 |    57 |    32 ||   118
  Use: Potion            |     1 |       |     1 ||     2
Armor: Scale mail        |     9 |    29 |     8 ||    46
Dodge: Dodged            |     6 |    21 |    12 ||    39
Block: Shield            |    23 |    37 |    13 ||    73
